 Dungeon Crawl Stone Soup version 0.30-a0-862-g1aabd4f9c5 (webtiles) character file.

Game seed: 14918052474267260538

506 ICEMaiden the Digger (level 7, 0/40 HPs)
             Began as a Gargoyle Earth Elementalist on Mar 9, 2023.
             Was an Initiate of Sif Muna.
             Slain by Edmund
             ... wielding a +4 flail of protection
              (9 damage)
             ... on level 4 of the Dungeon.
             The game lasted 00:19:28 (4716 turns).

ICEMaiden the Digger (Gargoyle Earth Elementalist)  Turns: 4716, Time: 00:19:29

Health: 0/40       AC:  8    Str: 13    XL:     7   Next: 18%
Magic:  0/11       EV: 13    Int: 16    God:    Sif Muna [......]
Gold:   345        SH:  0    Dex: 16    Spells: 6/12 levels left

rFire   . . .      SeeInvis .    b - +0 arbalest
rCold   . . .      Faith    .    (shield currently unavailable)
rNeg    + + .      Spirit   .    c - +0 robe
rPois   ∞          Reflect  .    (no helmet)
rElec   +          Rampage  .    (no cloak)
rCorr   .                        (no gloves)
Will    .....                    j - +0 pair of boots
Stlth   +++                      (no amulet)
HPRegen 0.26/turn                f - +6 ring of dexterity
MPRegen 0.12/turn                s - ring of positive energy

@: no status effects
A: sickness immunity, AC +4, negative energy resistance 1, electricity
resistance, torment resistance 1, petrification resistance
a: Renounce Religion


You were on level 4 of the Dungeon.
You worshipped Sif Muna.
Sif Muna was noncommittal.
You visited 2 branches of the dungeon, and saw 6 of its levels.

You collected 345 gold pieces.

Inventory:

Hand Weapons
 a - a +0 whip of electrocution
 b - a +0 arbalest (weapon)
Armour
 c - a +0 robe (worn)
 j - a +0 pair of boots (worn)
 t - a +0 scale mail
 B - a scarf of invisibility
Jewellery
 f - a +6 ring of dexterity (left hand)
 s - a ring of positive energy (right hand)
 A - a +4 ring of protection
Scrolls
 g - 2 scrolls of fog {unknown}
 h - 3 scrolls of blinking {unknown}
 i - 2 scrolls of immolation {unknown}
 l - a scroll of brand weapon {unknown}
 m - 3 scrolls of teleportation {unknown}
 p - 7 scrolls of identify {unknown}
 q - a scroll of enchant weapon {unknown}
 v - 2 scrolls of fear {unknown}
 w - a scroll of magic mapping {unknown}
 x - a scroll of vulnerability {unknown}
 y - a scroll of amnesia {unknown}
Potions
 d - 2 potions of degeneration {unknown}
 e - 2 potions of heal wounds {unknown}
 k - a potion of flight {unknown}
 n - a potion of magic
 o - a potion of invisibility {unknown}
 r - a potion of mutation {unknown}
 u - 3 potions of might {unknown}
 z - a potion of curing {unknown}


   Skills:
 * Level 2.8 Fighting
 * Level 3.0 Armour
 * Level 2.9 Dodging
 * Level 4.2 Stealth
 * Level 3.2 Spellcasting
 * Level 0.4 Conjurations
 + Level 0.0 Translocations
 + Level 1.7 Transmutations
 * Level 4.2 Earth Magic
 + Level 0.2 Invocations


You had 6 spell levels left.
You knew the following spells:

 Your Spells              Type           Power      Damage    Failure   Level
a - Sandblast             Erth           32%        2d9       3%          1
s - Stone Arrow           Conj/Erth      20%        3d8       21%         3
z - Passwall              Tmut/Erth      10%        N/A       9%          2

Your spell library contained the following spells:

 Spells                   Type           Power      Damage    Failure   Level
 Lesser Beckoning         Tloc           4%         N/A       26%         2
 Gell's Gravitas          Tloc           2%         N/A       47%         3
 Teleport Other           Tloc           2%         N/A       47%         3
 Petrify                  Tmut/Erth      12%        N/A       47%         4


Dungeon Overview and Level Annotations

Branches:
Dungeon (5/15)             Temple (1/1) D:4

Altars:
Ashenzari
Cheibriados
Dithmenos
Elyvilon
Fedhas
Gozag
Hepliaklqana
Kikubaaqudgha
Makhleb
Nemelex Xobeh
Okawaru
Qazlal
Ru
Sif Muna
Trog
Uskayaw
Wu Jian
Xom
Yredelemnul
Zin
The Shining One

Annotations:
D:4 Edmund


Innate Abilities, Weirdness & Mutations

You are immune to sickness and miasma.
Your stone body is resilient. (AC +4)
You are immune to poison.
You resist negative energy. (rN+)
You are resistant to electric shocks. (rElec)
You are resistant to unholy torment.
You are immune to petrification.


Message History

Aim: Edmund, wielding a +4 flail of protection, wearing a +0 ring mail and wearing a ring of willpower (almost dead, 58% to hit)
You shoot a bolt. The bolt hits Edmund.
Edmund is almost dead.
Edmund closely misses you. Edmund barely misses you.
Your magical contamination has completely faded away.
Fire: b) +0 arbalest
Press: ? - help, Q - select action, (/) - cycle Shift-Dir - straight line, f/p - Edmund
Aim: Edmund, wielding a +4 flail of protection, wearing a +0 ring mail and wearing a ring of willpower (almost dead, 58% to hit)
You shoot a bolt. The bolt barely misses Edmund.
Edmund hits you with a +4 flail of protection!
Edmund hits you with a +4 flail of protection.
* * * LOW HITPOINT WARNING * * *
Edmund attacks as you move away! Edmund barely misses you.
Casting: Stone Arrow (quite dangerous; 21% risk of failure)
Confirm with . or Enter, or press ? or * to list all spells.
Aiming: Sandblast (safe; 3% risk of failure)
Press: ? - help, Shift-Dir - straight line, f/p - Edmund
Aim: Edmund, wielding a +4 flail of protection, wearing a +0 ring mail and wearing a ring of willpower (almost dead, 84% to hit)
The blast of sand hits Edmund but does no damage.
Edmund is almost dead.
Edmund hits you with a +4 flail of protection.
* * * LOW HITPOINT WARNING * * *
Casting: Sandblast (safe; 3% risk of failure)
Confirm with . or Enter, or press ? or * to list all spells.
Aiming: Sandblast (safe; 3% risk of failure)
Press: ? - help, Shift-Dir - straight line, f/p - Edmund
Aim: Edmund, wielding a +4 flail of protection, wearing a +0 ring mail and wearing a ring of willpower (almost dead, 84% to hit)
The blast of sand hits Edmund but does no damage.
Edmund is almost dead.
Edmund closely misses you. Edmund misses you.
You see here an iguana corpse.
Casting: Sandblast (safe; 3% risk of failure)
Confirm with . or Enter, or press ? or * to list all spells.
Aiming: Sandblast (safe; 3% risk of failure)
Press: ? - help, Shift-Dir - straight line, f/p - Edmund
Aim: Edmund, wielding a +4 flail of protection, wearing a +0 ring mail and wearing a ring of willpower (almost dead, 84% to hit)
The blast of sand hits Edmund but does no damage.
Edmund is almost dead.
Edmund hits you with a +4 flail of protection!
You die...

#.........#.........#.....#...#..
#.........#.####....#...###...###
#...........# #....#..#...#.#[..
#...........# ###...###...#.#...
#........._.# #.......#...#.#...
#...........####.#.##...###...###
#................#.........#.#...
#.........#.....@#.#.#.....#.#...
...>......#.....@#.#.#.....#.#...
.(........#......<.#......#...#.)
..........#.....#######..........
......).........# #..........
................#######..........
..........P.....##....########...
####.####.P.....##....# #...##.##
#.####.P.##.###....# #...##.##
####...##.P.##.#......# #...##...


You could see Edmund.

Vanquished Creatures
  Menkaure (D:4)
  A scorpion (D:4)
  A jelly (D:4)
  2 hounds (D:4)
  An orc priest (D:3)
  2 iguanas (D:4)
  An orc wizard (D:3)
  4 adders
  4 dart slugs
  4 orcs (D:3)
  10 ball pythons
  11 endoplasms
  4 giant cockroaches
  5 goblins
  4 hobgoblins
  2 quokkas
  5 bats
  A frilled lizard (D:2)
  6 kobolds
  10 rats
79 creatures vanquished.

Notes
Turn   | Place    | Note
-------+----------+-------------------------------------------
     0 | D:1      | ICEMaiden the Gargoyle Earth Elementalist began the quest
                  | for the Orb.
     0 | D:1      | Reached XP level 1. HP: 10/10 MP: 3/3
   193 | D:1      | Reached skill level 1 in Transmutations
   193 | D:1      | Reached XP level 2. HP: 16/16 MP: 3/5
   313 | D:1      | Learned a level 2 spell: Passwall
   461 | D:1      | Found a faded altar of an unknown god.
   506 | D:1      | Reached skill level 1 in Armour
   633 | D:1      | Reached XP level 3. HP: 12/20 MP: 6/6
  1075 | D:2      | Reached skill level 1 in Fighting
  1274 | D:2      | Reached XP level 4. HP: 25/25 MP: 4/7
  1945 | D:3      | Reached XP level 5. HP: 26/29 MP: 0/8
  2656 | D:4      | Noticed Menkaure
  2723 | D:4      | Killed Menkaure
  2724 | D:4      | Reached XP level 6. HP: 13/35 MP: 3/10
  2818 | D:4      | Found a glowing silver altar of Zin.
  2923 | D:4      | Learned a level 3 spell: Stone Arrow
  2990 | D:4      | Noticed Edmund
  3122 | D:4      | Reached XP level 7. HP: 40/40 MP: 9/11
  3568 | D:4      | Found a staircase to the Ecumenical Temple.
  3587 | Temple   | Entered the Ecumenical Temple
  3629 | Temple   | Became a worshipper of Sif Muna the Loreminder
  4031 | D:5      | Entered Level 5 of the Dungeon
  4031 | D:5      | Found a sacrificial altar of Ru.
  4716 | D:4      | Slain by Edmund

Illustrated notes

Levels and vault maps discovered:
D:1:      heliophobic_arrival_dark_side_of_the_moon, layout_basic,
          chequers_ecumenical_altar_island, minmay_close_crescents
D:2:      layout_loops_cross, grunt_decor_clamped
D:3:      layout_loops_ring
D:4:      layout_basic, mainiacjoe_overflow_boulevard,
          minmay_temple_entry_stoned_glass, nicolae_titane, uniq_edmund,
          uniq_menkaure
D:5:      cheibrodos_iron_armory, layout_cave_pools,
          mainiacjoe_overflow_catwalk, serial_bayou_pond_b
Temple:   hellmonk_temple_of_storms

Skill      XL: |  1  2  3  4  5  6  7 |
---------------+----------------------+-----
Transmutations | 1 |  1.7
Armour         | 1 2 3 |  3.0
Dodging        | 2 |  2.9
Fighting       | 1 2 |  2.8
Stealth        | 3 4 |  4.2
Earth Magic    | 4 |  4.2
Spellcasting   | 3 |  3.2
Conjurations   | |  0.4
Invocations    | |  0.2

Action                     |  1- 3 |  4- 6 |  7- 9 || total
---------------------------+-------+-------+-------++-------
  Melee: Short sword       |    27 |       |       ||    27
         Whip              |    35 |     4 |       ||    39
         Punch             |     1 |       |       ||     1
   Fire: Arbalest          |       |    54 |    31 ||    85
  Throw: Stone             |    18 |       |       ||    18
   Cast: Sandblast         |    33 |    38 |    30 ||   101
         Passwall          |       |     6 |    26 ||    32
   Stab: Sleeping          |     6 |       |       ||     6
 Armour: Robe              |    18 |    28 |    13 ||    59
  Dodge: Dodged            |    42 |    47 |    50 ||   139

Table legend: (Time is in decaauts)
 A = Elapsed time spent in this place.
 B = Non-inter-level travel time spent in this place.
 C = Inter-level travel time spent in this place.
 D = Time resting spent in this place.
 E = Time spent auto-exploring this place.
 F = Levels seen in this place.
 G = Mean time per level.
                   A        B        C        D        E       F      G
               +--------+--------+--------+--------+--------+-----+--------+
         Total |   4852 |   4697 |    155 |   1035 |   2366 |   6 |  808.7 |
       Dungeon |   4804 |   4649 |    155 |   1035 |   2348 |   5 |  960.8 |
        Temple |     47 |     47 |      0 |      0 |     18 |   1 |   47.0 |
               +--------+--------+--------+--------+--------+-----+--------+

Top non-repeatable levels by time:
     D:4: 2058 daAuts
     D:1: 962 daAuts
     D:2: 915 daAuts
     D:3: 796 daAuts
     D:5: 71 daAuts
  Temple: 47 daAuts
